 Dungeon Crawl Stone Soup version 0.28.0-43-g3370ac3207 (webtiles) character file.

Game seed: 10845993420641053629

4722 Bruhh the Summoner (level 10, -3/98 HPs)
             Began as an Ogre Summoner on Mar 28, 2022.
             Was an Initiate of Yredelemnul.
             Slain by a troll (14 damage)
             ... on level 10 of the Dungeon.
             The game lasted 01:00:09 (14131 turns).

Bruhh the Summoner (Ogre Summoner)                 Turns: 14131, Time: 01:00:09

Health: -3/98      AC:  4    Str: 14    XL:     10   Next: 45%
Magic:  15/20      EV:  9    Int: 20    God:    Yredelemnul [......]
Gold:   462        SH:  0    Dex:  9    Spells: 6/23 levels left

rFire   . . .      SeeInvis .   k - +3 dagger (elec)
rCold   . . .      Faith    .   (no shield)
rNeg    . . .      Spirit   .   a - +0 robe
rPois   .          Reflect  .   (helmet restricted)
rElec   .          Harm     .   g - +0 cloak
rCorr   .          Rampage  .   (gloves unavailable)
Will    ++...                   (boots unavailable)
Stlth   +.........              (no amulet)
HPRegen 0.26/turn               f - ring of willpower
MPRegen 0.17/turn               C - ring of wizardry

@: attractive
A: large, unfitting armour, tough skin 1
a: Renounce Religion, Recall Undead Harvest


You were on level 10 of the Dungeon.
You worshipped Yredelemnul.
Yredelemnul was noncommittal.
You visited 2 branches of the dungeon, and saw 11 of its levels.

You collected 462 gold pieces.

Inventory:

Hand Weapons
 b - a +0 quarterstaff
 j - a +0 dagger
 k - a +3 dagger of electrocution (weapon)
 G - a +1 scimitar of flaming
Missiles
 p - 4 throwing nets
 y - 14 poisoned darts
Armour
 a - a +0 robe (worn)
 g - a +0 cloak (worn)
 F - a +0 leather armour
Jewellery
 f - a ring of willpower (left hand)
 x - a ring of poison resistance
 C - a ring of wizardry (right hand)
 I - a ring of protection from cold
 K - an amulet of the acrobat
Wands
 v - a wand of iceblast (9)
 A - a wand of polymorph (11)
 B - a wand of digging (5)
 E - a wand of flame (7)
Scrolls
 d - 2 scrolls of enchant weapon
 e - 5 scrolls of teleportation
 h - 2 scrolls of immolation
 i - 2 scrolls of holy word
 m - a scroll of noise {unknown}
 o - 2 scrolls of fear {unknown}
 s - a scroll of summoning {unknown}
 t - a scroll of blinking {unknown}
 u - a scroll of enchant armour {unknown}
 w - 2 scrolls of vulnerability
 D - a scroll of fog {unknown}
 H - 2 scrolls of brand weapon {unknown}
 L - 2 scrolls of identify
Potions
 c - 8 potions of curing
 l - a potion of attraction
 n - 2 potions of brilliance
 q - a potion of heal wounds {unknown}
 r - 2 potions of flight {unknown}
 z - a potion of invisibility {unknown}
Miscellaneous
 J - a box of beasts


   Skills:
 - Level 5.9 Fighting
 - Level 1.7 Dodging
 - Level 1.4 Stealth
 - Level 7.2 Spellcasting
 - Level 8.0 Summonings
 - Level 5.9 Ice Magic
 - Level 5.7 Air Magic
 * Level 3.5 Evocations


You had 6 spell levels left.
You knew the following spells:

 Your Spells              Type           Power      Damage    Failure   Level
a - Summon Small Mammal   Summ           100%       N/A       1%          1
b - Call Imp              Summ           39%        N/A       1%          2
c - Call Canine Familiar  Summ           39%        N/A       1%          3
d - Summon Guardian Gole  Hex/Summ       23%        N/A       2%          3
e - Summon Ice Beast      Ice/Summ       35%        N/A       2%          4
f - Summon Lightning Spi  Summ/Air       34%        N/A       2%          4

Your spell library contained the following spells:

 Spells                   Type           Power      Damage    Failure   Level
 Ensorcelled Hibernation  Hex/Ice        38%        N/A       1%          2
 Frozen Ramparts          Ice            60%        1d8       1%          3
 Swiftness                Air            30%        N/A       1%          3
 Passwall                 Tmut/Erth      5%         N/A       6%          2
 Ice Form                 Ice/Tmut       19%        N/A       11%         4
 Borgnjor's Revivificati  Necr           3%         N/A       100%        8
 Necromutation            Tmut/Necr      3%         N/A       100%        8
 Death's Door             Necr           3%         N/A       100%        9


Dungeon Overview and Level Annotations

Branches:
Dungeon (10/15)            Temple (1/1) D:7            Lair (0/6) D:9
    Orc (0/2) D:9

Altars:
Ashenzari
Dithmenos
Gozag
Makhleb
Nemelex Xobeh
Okawaru
Ru
Sif Muna
Trog
Uskayaw
Wu Jian
Xom
Yredelemnul
The Shining One

Shops:
D:1 (   D:2 ?

Annotations:
D:9 3 runed translucent doors, Tali's ghost, novice DsBe


Innate Abilities, Weirdness & Mutations

You are too large for most types of armour.
You have tough skin. (AC +1)


Message History

Confirm with . or Enter, or press ? or * to list all spells.
A chill wind blows around you. Something hits you!
Deactivating autopickup; reactivate with Ctrl-A.
Something hits you. Something hits you but does no damage.
Something hits you but does no damage. Something hits you.
You closely miss something. Something hits you!
Something hits you but does no damage.
Something barely misses your orc warrior zombie.
You closely miss something. Something hits you. x2
You closely miss something. Something hits you.
You closely miss something. Something hits you!
The troll shouts!
Something hits you.
There is an open door here.
You swap places.
Something hits your ice beast. Something hits your ice beast.
Something hits your ice beast. Something hits you!
Your ice beast hits something.
Your ice beast freezes something!
You miss something.
Something hits you. x2; Your ice beast misses something.
Casting: Summon Ice Beast (dangerous; 2% risk of failure)
Confirm with . or Enter, or press ? or * to list all spells.
An electric hum fills the air.
Something hits you but does no damage. Something misses your ice beast.
You swap places.
Something hits you!
* * * LOW HITPOINT WARNING * * *
The troll bites you.
* * * LOW HITPOINT WARNING * * *
The troll claws you!
* * * LOW HITPOINT WARNING * * *
The troll claws you!
* * * LOW HITPOINT WARNING * * *
It was a potion of attraction.
You feel attractive to monsters. Something hits you but does no damage.
The troll bites you!
You die...
Your body rises from the dead as a mindless zombie.

...............
...............
...............
.T............. ..
..............# ... # #
#'### ....###.
###.###...######........
#....8TZ................
#.....Y@{{.......... ...
########..##..###### #.#
###..##'###...###.#
..................)
....#...#......))..
..#.###.###.#####.##
###. ###....####.## ..
##.###........#
#[..#.........#


You could see a troll (ally target), a friendly ice beast (summoned), a friendly
lightning spire (summoned) and a friendly orc warrior zombie.

Vanquished Creatures
  A troll (D:10)
  A wraith (D:9)
  A basilisk (D:8)
  An ice beast (D:7)
  2 centaurs
  A phantom (D:5)
  A water moccasin skeleton (D:6)
  A wight (D:9)
  A howler monkey (D:5)
  2 centaur zombies (D:5)
  An orc priest (D:8)
  A centaur skeleton (D:6)
  5 orc wizards
  A howler monkey zombie (D:9)
  An adder (D:3)
  4 gnolls
  2 white imps
  3 worms
  A dart slug (D:4)
  11 orcs
  2 ball pythons
  4 bats
  2 endoplasms (D:2)
  4 giant cockroaches
  4 goblins
  4 jackals (D:2)
  A quokka (D:4)
  3 frilled lizards
  6 kobolds
  3 rats
75 creatures vanquished.

Vanquished Creatures (collateral kills)
  Erica (D:8)
  A kobold demonologist (D:10)
  A steam dragon (D:9)
  2 orc warriors (D:10)
  A necrophage (Temple)
  4 centaurs
  2 ogres (D:4)
  A kobold brigand (D:8)
  2 scorpions
  2 water moccasin skeletons
  4 wights
  6 howler monkeys
  2 centaur zombies
  2 jellies
  2 hounds
  3 orc priests
  4 centaur skeletons
  4 orc wizards
  A scorpion zombie (D:5)
  A spectral howler monkey (D:9)
  3 adders
  5 gnolls
  2 shadow imps
  An adder skeleton (D:4)
  An adder zombie (D:5)
  2 worms
  22 orcs
  4 ball pythons
  A giant cockroach (D:2)
  A goblin (D:1)
  3 hobgoblins
  3 kobolds
  A quokka (D:1)
  2 rats (D:1)
97 creatures vanquished.

Vanquished Creatures (others)
  2 orc warriors
  A centaur (D:8)
  A spectral ice beast (D:7)
  A bullfrog zombie (D:6)
  3 centaur zombies
  A kobold zombie (D:10)
  2 orc wizards
  A hound zombie (D:5)
  3 howler monkey zombies
  A gnoll (D:4)
  3 gnoll zombies
  A ball python zombie (D:4)
  A kobold (D:9)
  23 orc zombies
44 creatures vanquished.

Grand Total: 216 creatures vanquished

Notes
Turn   | Place    | Note
-------+----------+-------------------------------------------
     0 | D:1      | Bruhh the Ogre Summoner began the quest for the Orb.
     0 | D:1      | Reached XP level 1. HP: 16/16 MP: 3/3
   352 | D:1      | Found Fiaxiask's Antique Weapon Shoppe.
  1110 | D:2      | Reached XP level 2. HP: 21/24 MP: 3/6
  1713 | D:2      | Learned a level 2 spell: Call Imp
  1724 | D:2      | Reached XP level 3. HP: 31/31 MP: 5/8
  2028 | D:2      | Found a faded altar of an unknown god.
  2372 | D:2      | Found Rarch's Magic Scroll Emporium.
  2572 | D:3      | Reached XP level 4. HP: 37/39 MP: 6/10
  2764 | D:3      | Reached skill level 4 in Summonings
  2770 | D:3      | Learned a level 3 spell: Call Canine Familiar
  3008 | D:3      | Found a shadowy altar of Dithmenos.
  3163 | D:4      | Noticed an ogre
  3394 | D:4      | Reached XP level 5. HP: 15/45 MP: 8/12
  3691 | D:4      | Reached skill level 5 in Summonings
  3981 | D:4      | Noticed an ogre
  4053 | D:4      | Killed an ogre
  4054 | D:4      | Reached skill level 5 in Spellcasting
  4054 | D:4      | Reached XP level 6. HP: 53/53 MP: 1/14
  4148 | D:4      | You fall into a shaft and drop 3 floors!
  4396 | D:7      | Noticed a necrophage
  4399 | D:7      | Found a staircase to the Ecumenical Temple.
  4408 | Temple   | Entered the Ecumenical Temple
  4500 | Temple   | Became a worshipper of Yredelemnul the Dark
  4544 | Temple   | Killed a necrophage
  4545 | Temple   | Reached XP level 7. HP: 34/57 MP: 9/17
  4549 | Temple   | Learned a level 3 spell: Summon Guardian Golem
  4949 | D:7      | Reached * piety under Yredelemnul
  4953 | D:7      | Reached skill level 6 in Summonings
  5219 | D:7      | Reached XP level 8. HP: 67/67 MP: 15/18
  5223 | D:7      | Reached skill level 7 in Summonings
  5223 | D:7      | Reached ** piety under Yredelemnul
  5467 | D:6      | Reached skill level 1 in Fighting
  6146 | D:5      | Entered Level 5 of the Dungeon
  6371 | D:5      | Reached skill level 8 in Summonings
  7303 | D:4      | Found a glowing golden altar of the Shining One.
  7376 | D:4      | Reached skill level 5 in Fighting
  8196 | D:4      | Found a hide-covered altar of Uskayaw.
  8198 | D:4      | Found a sparkling altar of Nemelex Xobeh.
  8198 | D:4      | Found an opulent altar of Gozag.
  8549 | D:8      | Found a burning altar of Makhleb.
  8589 | D:8      | Reached XP level 9. HP: 89/89 MP: 16/19
  8592 | D:8      | Reached skill level 1 in Ice Magic
  9046 | D:8      | Learned a level 4 spell: Summon Ice Beast
 10221 | D:9      | Found a staircase to the Lair.
 10232 | D:9      | Reached skill level 5 in Ice Magic
 10872 | D:9      | Reached skill level 1 in Air Magic
 11032 | D:9      | Found a staircase to the Orcish Mines.
 11092 | D:9      | Found a shimmering blue altar of Sif Muna.
 11391 | D:9      | Noticed Erica
 11396 | D:9      | Learned a level 4 spell: Summon Lightning Spire
 12237 | D:8      | Killed Erica
 12238 | D:8      | Reached skill level 5 in Air Magic
 12238 | D:8      | Reached XP level 10. HP: 54/98 MP: 5/20
 12517 | D:9      | Found a runed translucent gate.
 12519 | D:9      | Found a runed translucent gate.
 12519 | D:9      | Noticed a kobold demonologist
 12520 | D:9      | Found a runed translucent gate.
 12520 | D:9      | Noticed a kobold demonologist
 12520 | D:9      | Noticed Tali's ghost (novice DsBe)
 12547 | D:9      | Found an iron altar of Okawaru.
 13042 | D:10     | Entered Level 10 of the Dungeon
 13118 | D:10     | Reached skill level 1 in Evocations
 13385 | D:10     | Noticed a kobold demonologist
 13411 | D:10     | Killed a kobold demonologist
 14131 | D:10     | Slain by a troll

Illustrated notes

Levels and vault maps discovered:
D:1:      lordsloth_arrival_two_stooges, layout_basic, serial_shops,
          nicolae_shop_hallway_plus
D:2:      layout_loops_ring, serial_shops, nicolae_lakefront_shop,
          hellmonk_ecumenical_altar_crossroads, serial_bayou_pond_d
D:3:      layout_basic, grunt_dithmenos_smoke
D:4:      layout_loops_corners, grunt_temple_overflow_diamond, tso_metal_star,
          minmay_misc_feat_pillars
D:5:      layout_loops_ring
D:6:      layout_loops_ring, nrook_mini_backslash
D:7:      layout_cave_pools, minmay_temple_entry_grid
D:8:      layout_loops_ring, bloody_makhleb, chequers_ossuary_entry_cave,
          minmay_stone_trees_small
D:9:      layout_loops_ring, led_sif_pool, okawaru_altar_gauntlet_db,
          lair_entry_dummy, gammafunk_ghost_nasty_kobolds,
          hangedman_weighted_door, uniq_erica
D:10:     layout_gridville, minmay_between
Temple:   dpeg_chambers_temple

Skill      XL: |  1  2  3  4  5  6  7  8  9 10 |
---------------+-------------------------------+-----
Spellcasting   | 3 4 5 7 |  7.2
Summonings     | 4 5 6 8 |  8.0
Fighting       | 5 |  5.9
Ice Magic      | 5 |  5.9
Air Magic      | 5 |  5.7
Evocations     | 3 |  3.5
Dodging        | |  1.7
Stealth        | |  1.4

Action                   |  1- 3 |  4- 6 |  7- 9 | 10-12 || total
-------------------------+-------+-------+-------+-------++-------
Melee: Quarterstaff      |    15 |       |       |       ||    15
       Dagger            |    68 |    50 |   194 |    48 ||   360
       Punch             |     1 |     1 |     2 |       ||     4
 Cast: Summon Small Mamm |    34 |     8 |    11 |       ||    53
       Call Imp          |     6 |    18 |    20 |     1 ||    45
       Call Canine Famil |       |    19 |    30 |     2 ||    51
       Summon Guardian G |       |       |    11 |       ||    11
       Summon Ice Beast  |       |       |    22 |    13 ||    35
       Summon Lightning  |       |       |     2 |     7 ||     9
Invok: Recall Undead Har |       |       |     1 |       ||     1
  Use: Scroll            |       |     5 |     1 |     2 ||     8
       Potion            |       |       |       |     2 ||     2
 Stab: Sleeping          |     2 |     1 |     1 |       ||     4
       Distracted        |       |       |     2 |       ||     2
Armor: Robe              |    34 |    24 |    66 |    31 ||   155
Dodge: Dodged            |    47 |    24 |   104 |    26 ||   201
